 Dungeon Crawl Stone Soup version 0.27.0-1-g7a089689b8 (webtiles) character file.

Game seed: 821837057038457086

1584 wakim the Ruffian (level 8, -7/78 HPs)
             Began as a Troll Fighter on Aug 2, 2021.
             Was a Believer of Qazlal.
             Killed from afar by a steam dragon (21 damage)
             ... with a ball of steam
             ... on level 7 of the Dungeon.
             The game lasted 00:17:39 (4974 turns).

wakim the Ruffian (Troll Fighter)                   Turns: 4974, Time: 00:17:39

Health: -7/78      AC:  5    Str: 25    XL:     8   Next: 61%
Magic:  8/8        EV: 13    Int:  5    God:    Qazlal [**....]
Gold:   335        SH: 12    Dex: 10    Spells: 7/7 levels left

rFire    . . .     SeeInvis .     - Unarmed
rCold    . . .     Faith    .   b - +0 kite shield
rNeg     . . .     Spirit   .   a - +0 robe
rPois    .         Reflect  .   (helmet restricted)
rElec    .         Harm     .   k - +0 cloak
rCorr    .         Rampage  .   (gloves unavailable)
Will     +....                  (boots unavailable)
Stlth    +.........             (no amulet)
HPRegen  1.23/turn              g - +4 ring of evasion
MPRegen  0.11/turn              f - ring of willpower

@: no status effects
A: large, unfitting armour, claws 3, regeneration 1, shaggy fur 1, tough skin 1
a: Renounce Religion, Upheaval


You were on level 7 of the Dungeon.
You worshipped Qazlal.
Qazlal was pleased with you.
You visited 2 branches of the dungeon, and saw 8 of its levels.

You collected 335 gold pieces.

Inventory:

Missiles
 e - a throwing net {=f!f}
 j - 9 poisoned darts
 l - 5 javelins (quivered)
Armour
 a - a +0 robe (worn)
 b - a +0 kite shield (worn)
 k - a +0 cloak (worn)
Jewellery
 c - the ring of Mistrust {Fly Str+2}
   (You acquired it on level 1 of the Dungeon)

   [ring of flight]

   Str:       It affects your strength (+2).
   Fly:       It grants you flight.
 f - a ring of willpower (right claw)
 g - a +4 ring of evasion (left claw)
 i - a ring of resist corrosion
 n - a +6 ring of strength
Wands
 w - a wand of acid (12)
 x - a wand of charming (7)
Scrolls
 h - a scroll of amnesia
 m - a scroll of brand weapon
 R - a scroll of magic mapping {!r}
 T - a scroll of teleportation
 X - a scroll of fog
Potions
 o - 2 potions of heal wounds {unknown}
 A - 2 potions of ambrosia
 B - 3 potions of attraction {!q}
 D - a potion of brilliance
 E - a potion of cancellation
 F - 2 potions of curing
 K - a potion of magic
 L - 2 potions of lignification {!q}
 N - a potion of might
 O - a potion of resistance


   Skills:
 + Level 4.2 Fighting
 + Level 5.2 Dodging
 * Level 4.8 Shields
 * Level 6.4 Unarmed Combat
 + Level 2.0 Invocations


You had 7 spell levels left.
You didn't know any spells.
Your spell library contained the following spells:

 Spells                   Type           Power      Damage    Failure   Level
 Animate Skeleton         Necr           0%         N/A       78%         1
 Pain                     Necr           0%         1d4       78%         1
 Tukima's Dance           Hex            0%         N/A       98%         3
 Vampiric Draining        Necr           0%         2d6       98%         3
 Passage of Golubria      Tloc           N/A        N/A       100%        4
 Yara's Violent Unravell  Hex/Tmut       0%         3d3       100%        5


Dungeon Overview and Level Annotations

Branches:
Dungeon (7/15)             Temple (1/1) D:5

Altars:
Ashenzari
Dithmenos
Elyvilon
Gozag
Hepliaklqana
Kikubaaqudgha
Makhleb
Nemelex Xobeh
Okawaru
Qazlal
Ru
Sif Muna
Trog
Uskayaw
Vehumet
Wu Jian
Xom
Yredelemnul
Zin
The Shining One

Annotations:
D:2 Sigmund


Innate Abilities, Weirdness & Mutations

You are too large for most types of armour.
You have claws for hands.
Your natural rate of healing is unusually fast.
You are covered in fur. (AC +1)
You have tough skin. (AC +1)


Message History

The steam dragon breathes steam at you. The ball of steam hits you!!
You barely miss the steam dragon. The steam dragon bites you!
You block the steam dragon's attack.
You closely miss the steam dragon. You block the steam dragon's attack. x2
You barely miss the steam dragon. You block the steam dragon's attack.
The steam dragon claws you but does no damage.
You barely miss the steam dragon. You block the steam dragon's attack. x2
You barely miss the steam dragon. The steam dragon barely misses you.
The steam dragon completely misses you.
You claw the steam dragon!
The steam dragon is moderately wounded.
The steam dragon breathes steam at you. The ball of steam hits you!!
* * * LOW HITPOINT WARNING * * *
Aiming: Upheaval
Press: ? - help, Dir - move target, f - steam dragon
Aim: a steam dragon (steam, moderately wounded, catching its breath) That beam is likely to hit you.
Continue anyway?
Okay, then.
Okay, then.
You completely miss the steam dragon.
The steam dragon is moderately wounded.
You block the steam dragon's attack. x2
You barely miss the steam dragon.
The steam dragon is moderately wounded.
You block the steam dragon's attack. The steam dragon closely misses you.
You barely miss the steam dragon.
The steam dragon is moderately wounded.
The steam dragon breathes steam at you. The ball of steam hits you!
* * * LOW HITPOINT WARNING * * *
You barely miss the steam dragon.
The steam dragon is moderately wounded.
The steam dragon bites you!
* * * LOW HITPOINT WARNING * * *
You block the steam dragon's attack. The steam dragon breathes steam at you.
The ball of steam hits you!!
You die...

#.# #.#.# ######.#
#.#.# #.)....# #.#.#
#######.###### #.#.#
........# #.#.#
#######.#
#########.#.#
#)########.........#
#..............#
#.......@D§###.#
############ .. ##


You could see a steam dragon (catching breath).

Vanquished Creatures
  2 water moccasins (D:6)
  An orc warrior (D:7)
  3 ogres
  A centaur (D:5)
  A scorpion (D:5)
  A water moccasin zombie (D:5)
  A crimson imp (D:6)
  3 hounds
  A centaur skeleton (D:4)
  An orc priest (D:3)
  Crazy Yiuf (D:3)
  Terence (D:1)
  Ijyb (D:4)
  An iguana (D:6)
  A scorpion zombie (D:5)
  4 orc wizards
  2 hound skeletons (D:4)
  10 gnolls
  A howler monkey skeleton (D:6)
  7 adders
  8 river rats (D:6)
  A white imp (D:6)
  An ufetubus (D:7)
  2 worms
  A dart slug (D:2)
  23 orcs
  2 ball pythons (D:2)
  3 endoplasms
  5 giant cockroaches
  7 goblins
  11 hobgoblins
  8 jackals
  12 quokkas
  4 bats
  A frilled lizard (D:3)
  5 kobolds
  24 rats
162 creatures vanquished.

Vanquished Creatures (others)
  5 toadstools (D:1)
5 creatures vanquished.

Grand Total: 167 creatures vanquished

Notes
Turn   | Place    | Note
-------+----------+-------------------------------------------
     0 | D:1      | wakim the Troll Fighter began the quest for the Orb.
     0 | D:1      | Reached XP level 1. HP: 22/22 MP: 0/0
   173 | D:1      | Reached XP level 2. HP: 29/29 MP: 1/1
   176 | D:1      | Found a faded altar of an unknown god.
   872 | D:2      | Reached XP level 3. HP: 36/36 MP: 2/2
   895 | D:2      | Noticed Terence
   938 | D:1      | Killed Terence
   963 | D:2      | Reached XP level 4. HP: 41/44 MP: 3/3
  1022 | D:2      | Noticed Sigmund
  1041 | D:1      | Reached skill level 3 in Unarmed Combat
  1052 | D:1      | Identified a scroll of acquirement
  1052 | D:1      | Acquired the ring of Mistrust {Fly Str+2}
  1547 | D:3      | Reached XP level 5. HP: 52/52 MP: 4/4
  1875 | D:3      | Found a runed translucent door.
  1876 | D:3      | Noticed Crazy Yiuf
  1881 | D:3      | Killed Crazy Yiuf
  1882 | D:3      | Reached XP level 6. HP: 51/61 MP: 0/5
  2176 | D:4      | Reached skill level 4 in Unarmed Combat
  2273 | D:4      | Found an iron altar of Okawaru.
  2274 | D:4      | Found a glowing golden altar of the Shining One.
  2276 | D:4      | Found a broken altar of Ashenzari.
  2309 | D:4      | Noticed Ijyb
  2316 | D:4      | Killed Ijyb
  2340 | D:4      | Found a sacrificial altar of Ru.
  2456 | D:4      | Reached XP level 7. HP: 65/67 MP: 6/6
  2821 | D:5      | Entered Level 5 of the Dungeon
  2952 | D:5      | Reached skill level 5 in Unarmed Combat
  3067 | D:5      | Found a staircase to the Ecumenical Temple.
  3095 | Temple   | Entered the Ecumenical Temple
  3174 | Temple   | Became a worshipper of Qazlal Stormbringer
  3333 | D:5      | Found a glowing drain.
  3646 | D:6      | Reached skill level 1 in Invocations
  3646 | D:6      | Reached XP level 8. HP: 59/78 MP: 7/7
  4084 | D:6      | Reached * piety under Qazlal
  4119 | D:6      | Reached skill level 5 in Dodging
  4119 | D:6      | Reached skill level 6 in Unarmed Combat
  4553 | D:6      | Found a burning altar of Makhleb.
  4789 | D:7      | Reached ** piety under Qazlal
  4974 | D:7      | Killed from afar by a steam dragon

Illustrated notes

Levels and vault maps discovered:
D:1:      ldierk_walled_garden, layout_loops_ring,
          hellmonk_ecumenical_altar_lost_god, minmay_misc_feat_enclosed,
          hangedman_decor_growths
D:2:      layout_rooms, uniq_terence, uniq_sigmund
D:3:      layout_loops_ring, uniq_crazy_yiuf_cottage
D:4:      layout_basic, nicolae_overflow_hidden_temple,
          minmay_misc_feat_secret_circle, uniq_ijyb
D:5:      layout_basic, minmay_temple_entry_overgrown, gup_sewer_entry_bubbles
D:6:      lemuel_ratsnest, layout_loops_ring, makhleb_grotto_becter
D:7:      layout_loops_ring
Temple:   regret_index_temple_waves

Skill      XL: |  1  2  3  4  5  6  7  8 |
---------------+-------------------------+-----
Dodging        | 3 4 5 |  5.2
Unarmed Combat | 3 4 5 6 |  6.4
Shields        | 3 4 |  4.8
Fighting       | 3 4 |  4.2
Invocations    | 1 2 |  2.0

Action                   |  1- 3 |  4- 6 |  7- 9 || total
-------------------------+-------+-------+-------++-------
Melee: Unarmed           |    67 |   198 |   247 ||   512
       Punch             |       |     4 |     5 ||     9
  Use: Scroll            |     4 |     8 |     8 ||    20
Armor: Robe              |    17 |    43 |    43 ||   103
Dodge: Dodged            |    59 |   162 |   109 ||   330
Block: Kite shield       |       |       |    34 ||    34
